Wive, chaotic female elven Wizard ----- |...| ------ ....| +....| |u..| |....| |.@.. +....| |..f| # |....| ---.-##`#########-<...| ###### # ------ # Wive the Evoker Experience level: 1 Strength: 9 Dexterity: 12 Constitution: 16 Intelligence: 19 Wisdom: 10 Charisma: 9 Health: 0(10) Energy: 7(7) Def: 1 Gold: 456 Moves: 1502 Dungeon seed: 0B5SoFLKNJYxzyPW Game ID: Wive_1675242452 Your Inventory: Weapons d - a blessed +1 quarterstaff (weapon in hands) k - an uncursed +0 orcish dagger (alternate weapon; not wielded) z - a cursed +0 dagger Armor e - an uncursed +0 cloak of magic resistance (being worn) Scrolls p - an uncursed scroll of remove curse Spellbooks t - an uncursed spellbook of blank paper u - an uncursed spellbook of blank paper Potions r - an uncursed potion of extra healing s - an uncursed potion of speed v - an uncursed potion of blindness A - an uncursed potion of gain level Wands b - an uncursed wand of striking (0:8) Tools h - an uncursed blindfold i - an uncursed wooden flute w - an uncursed mirror x - an uncursed +0 pick-axe Gems n - an uncursed worthless piece of orange glass q - an uncursed agate stone y - an uncursed worthless piece of blue glass Coins $ - 456 gold pieces Spells and supernatural/magical abilities: Name Level Category Cost Memory a - force bolt 1 attack 8pw 98% k - knock 1 matter 12pw 98% m - magic missile 2 attack 16pw 98% r - remove curse 3 clerical 37pw 98% W - pray for help -- divine ? -- Your skills at the end: Fighting Skills wands [Basic] Weapon Skills quarterstaff [Basic] Spellcasting Skills attack spells [Basic] enchantment spells [Basic] Final Attributes: You were piously aligned. You were immune to sleep. You were magic resistant. You saw invisible. You had infravision. Anhur was noncommittal. You are dead. Vanquished creatures: a shrieker 2 iguanas 2 hobbits 2 red molds 2 geckos a jackal a kobold a goblin 2 sewer rats 7 grid bugs 6 newts 27 creatures vanquished. Voluntary challenges: You used a wielded weapon 16 times, starting on turn 364. You were illiterate. You never genocided any monsters. You never polymorphed an object. You never changed form. You used no wishes. You never split a pudding. You never wrote Elbereth's name. You never violated your personal moral code. Dungeon overview: The Dungeons of Doom: levels 1 to 5 Level 1 a vault a long staircase Level 2 an altar to Thoth, a fountain Level 3 a long staircase Level 4 some fountains, a vault Level 5 <- You were here History has recorded: On T:1 you entered the Dungeons of Doom to retrieve the Amulet of Yendor! On T:59 you reached level 2 of The Dungeons of Doom. On T:677 you reached level 3 of The Dungeons of Doom. On T:1074 you reached level 4 of The Dungeons of Doom. On T:1176 you reached level 5 of The Dungeons of Doom. Score breakdown: Gold: 456 ( 9048 points) Experience: 1 level ( 0 points) Exploration: 5 levels ( 10.42%) ( 8751 points) Discoveries: 0 items ( 0.00%) ( 0 points) Valuables value: (no points given unless you survive) Artifact value: 0 ( 0 points) Variety of kills: 11 monsters ( 2.89%) ( 5104 points) Turncount: 1502 turns ( 0 points) Survival: died (score multiplied by 80%) Total score: 18322 Latest messages: The hobbit hits! You displace your housecat. You hear some noises nearby. The hobbit is killed! You hear some noises nearby. The grid bug is killed! You displace your large cat. There are a few objects here. With great effort you move the boulder. You displace your large cat. $ - 26 gold pieces. Nowhere else around here can be automatically explored. Where do you want to travel to? The door opens. You hear a distant explosion. You feel strong! You must have been exercising. You stop exploring. You miss the pony. The pony kicks! The pony bites! You miss the pony. The pony kicks! The pony bites! You die... Final status: Goodbye Wive the Wizard, killed by a pony... You died in The Dungeons of Doom on dungeon level 5 with 18322 points, and 456 pieces of gold, after 1502 moves. You were level 1 with a maximum of 10 hit points when you died.